 Dungeon Crawl Stone Soup version 0.23-a0-241-g3b46b07 (webtiles) character file.

3 Amnesiac the Magician (level 1, -2/13 HPs)
             Began as a Mummy Wizard on Sept 27, 2018.
             Slain by a goblin
             ... wielding a +0 club
              (5 damage)
             ... on level 1 of the Dungeon.
             The game lasted 00:00:12 (110 turns).

Amnesiac the Magician (Mummy Wizard)                 Turns: 110, Time: 00:00:13

Health: -2/13      AC:  2    Str: 10    XL:     1   Next: 41%
Magic:  0/5        EV: 12    Int: 17    God:
Gold:   8          SH:  0    Dex: 10    Spells: 7/8 levels left

rFire    x . .     SeeInvis .   b - +0 spear
rCold    + . .     Gourm    .   (no shield)
rNeg     + + +     Faith    .   a - +0 robe
rPois    ∞         Spirit   .   (no helmet)
rElec    .         Reflect  .   (no cloak)
rCorr    .         Harm     .   (no gloves)
MR       .....                  (no boots)
Stlth    ++........             (no amulet)
HPRegen  0.04/turn              (no ring)
MPRegen  0.09/turn              (no ring)

@: very slightly contaminated
A: no food or potions, fire vulnerability, cold resistance 1, negative energy
resistance 3, torment resistance, unbreathing
a: no special abilities


You were on level 1 of the Dungeon.
You were not hungry.

You visited 1 branch of the dungeon, and saw 1 of its levels.

You collected 8 gold pieces.

Inventory:

Hand Weapons
 b - a +0 spear (weapon)
Armour
 a - a +0 robe (worn)
Scrolls
 c - a scroll of identify {!r, unknown}


   Skills:
 - Level 1.5 Dodging
 - Level 1.5 Stealth
 + Level 4.3 Spellcasting
 - Level 0.7 Conjurations
   Level 0.7 Summonings
   Level 0.7 Translocations


You had 7 spell levels left.
You knew the following spells:

 Your Spells              Type           Power        Failure   Level  Hunger
a - Magic Dart            Conj           #...         12%         1    N/A

Your spell library contained the following spells:

 Spells                   Type           Power        Failure   Level  Hunger
 Blink                    Tloc           N/A          17%         2    N/A
 Call Imp                 Summ           #.......     17%         2    N/A
 Slow                     Hex            #.......     24%         2    N/A
 Conjure Flame            Conj/Fire      #.......     36%         3    N/A
 Mephitic Cloud           Conj/Pois/Air  #.......     38%         3    N/A

Dungeon Overview and Level Annotations

Branches:
Dungeon (1/15)

Altars:


Innate Abilities, Weirdness & Mutations

You do not eat or drink.
Your flesh is vulnerable to fire.
You are immune to poison.
Your flesh is cold resistant. (rC+)
You are immune to negative energy. (rN+++)
You are immune to unholy pain and torment.
You can survive without breathing.


Message History

Confirm with . or Enter, or press ? or * to list all spells.
You don't have enough magic to cast that spell.
You closely miss the rat. The rat barely misses you.
Casting: Magic Dart (safe; 12% risk of failure)
Confirm with . or Enter, or press ? or * to list all spells.
You don't have enough magic to cast that spell.
You hit the rat.
You kill the rat!
Casting: Magic Dart (safe; 12% risk of failure)
Confirm with . or Enter, or press ? or * to list all spells.
You don't have enough magic to cast that spell.
You closely miss the ball python. The ball python bites you.
The ball python grabs you. The ball python constricts you.
The ball python bites you but does no damage.
The ball python constricts you.
Casting: Magic Dart (safe; 12% risk of failure)
Confirm with . or Enter, or press ? or * to list all spells.
You don't have enough magic to cast that spell.
You hit the ball python.
You kill the ball python!
Casting: Magic Dart (safe; 12% risk of failure)
Confirm with . or Enter, or press ? or * to list all spells.
Aiming: Magic Dart (safe; 12% risk of failure)
Press: ? - help, Shift-Dir - straight line, f - goblin
Aim: a goblin, wielding a club You miscast Magic Dart.
Nothing appears to happen.
The goblin hits you with a club.
You barely miss the goblin. The goblin barely misses you.
Casting: Magic Dart (safe; 12% risk of failure)
Confirm with . or Enter, or press ? or * to list all spells.
You don't have enough magic to cast that spell.
You barely miss the goblin. The goblin misses you.
Casting: Magic Dart (safe; 12% risk of failure)
Confirm with . or Enter, or press ? or * to list all spells.
You don't have enough magic to cast that spell.
You barely miss the goblin.
A kobold comes into view.
It is wielding a short sword of distortion.
The goblin hits you with a club.
A bat comes into view.
The bat barely misses you. The bat hits you but does no damage.
Casting: Magic Dart (safe; 12% risk of failure)
Confirm with . or Enter, or press ? or * to list all spells.
You don't have enough magic to cast that spell.
You barely miss the goblin. The bat barely misses you.
The goblin hits you with a club.
* * * LOW HITPOINT WARNING * * *
The bat barely misses you.
Found a bubbling white potion.
You barely miss the goblin. The bat hits you but does no damage.
The goblin hits you with a club.
* * * LOW HITPOINT WARNING * * *
You closely miss the bat. The bat barely misses you. x2
The goblin hits you with a club.
* * * LOW HITPOINT WARNING * * *
Casting: Magic Dart (safe; 12% risk of failure)
Confirm with . or Enter, or press ? or * to list all spells.
Aiming: Magic Dart (safe; 12% risk of failure)
Press: ? - help, Shift-Dir - straight line, f/p - goblin
Aim: a goblin, wielding a club The magic dart hits the goblin.
The goblin is moderately wounded.
The bat misses you. The bat hits you but does no damage.
The goblin hits you with a club.
You die...

##...........#
######.######
#.# #†# #.#
#.# #.# #g##
#@.# #...!b..#
#####...#
...(# ######


You could see a goblin and a bat.

Vanquished Creatures
  A goblin (D:1)
  A ball python (D:1)
  A bat (D:1)
  A rat (D:1)
4 creatures vanquished.

Notes
Turn   | Place    | Note
-------+----------+-------------------------------------------
     0 | D:1      | Amnesiac the Mummy Wizard began the quest for the Orb.
     0 | D:1      | Reached XP level 1. HP: 13/13 MP: 5/5
   110 | D:1      | Slain by a goblin

Vault maps used:
D:1:      elethiomel_arrival_maze

Action                   || total
-------------------------++-------
Melee: Spear             ||    12
 Cast: Magic Dart        ||     5
Armor: Robe              ||     7
Dodge: Dodged            ||    12

Table legend:
 A = Non-vault XP
 B = Vault XP
 C = Vault XP percentage of total XP
 D = Non-vault monster count
 E = Vault monster count
 F = Vault count percentage of total count
                 A         B        C        D         E       F
            +---------+---------+-------+---------+---------+-------
      Total |       5 |       0 |   0.0 |       4 |       0 |   0.0
            +---------+---------+-------+---------+---------+-------
        D:1 |       5 |       0 |   0.0 |       4 |       0 |   0.0
            +---------+---------+-------+---------+---------+-------
